 Dungeon Crawl Stone Soup version 0.28.0-43-g3370ac3207 (webtiles) character file.

Game seed: 16081554864710427034

150 crimpus the Covered (level 4, -2/38 HPs)
             Began as a Demigod Fighter on Mar 10, 2022.
             Slain by a kobold brigand
             ... wielding a +0 dagger
              (3 damage)
             ... in a sewer.
             The game lasted 00:04:00 (1822 turns).

crimpus the Covered (Demigod Fighter)               Turns: 1822, Time: 00:04:01

Health: -2/38      AC: 10    Str: 21    XL:     4   Next: 84%
Magic:  6/6        EV:  7    Int: 10    God:
Gold:   133        SH:  4    Dex: 13    Spells: 3/3 levels left

rFire   . . .      SeeInvis .   g - +7 Throatcutter {drain, coup de grace}
rCold   . . .      Faith    .   c - +0 buckler
rNeg    . . .      Spirit   .   j - +0 chain mail
rPois   .          Reflect  .   (no helmet)
rElec   .          Harm     .   i - +0 cloak
rCorr   .          Rampage  .   (no gloves)
Will    .....                   (no boots)
Stlth   ..........              (no amulet)
HPRegen 0.12/turn               (no ring)
MPRegen 0.10/turn               (no ring)

@: mighty, lethally poisoned (-2 -> -12), slowed, very slow
A: high MP 1, forlorn, divine attributes
a: no special abilities


You were in a sewer.
You visited 1 branch of the dungeon, and saw 3 of its levels.
You also visited: Sewer.

You collected 133 gold pieces.

Inventory:

Hand Weapons
 a - a +0 rapier
 f - a +0 dagger of venom
 g - the +7 Throatcutter (weapon) {drain, coup de grace}
   (You found it on level 2 of the Dungeon)

   A truly terrible weapon, it drains the life of any living foe it strikes.
   It may instantly kill foes which have little health.
Armour
 b - a +0 scale mail
 c - a +0 buckler (worn)
 i - a +0 cloak (worn)
 j - a +0 chain mail (worn)
Jewellery
 o - a ring of magical power
Scrolls
 h - 5 scrolls of identify
 k - a scroll of amnesia {unknown}
 l - a scroll of teleportation {unknown}
 n - a scroll of summoning {unknown}
 q - 3 scrolls of enchant weapon {unknown}
Potions
 e - a potion of degeneration {unknown}
 m - a potion of berserk rage {unknown}
 p - a potion of curing {unknown}


   Skills:
 + Level 3.4 Fighting
 - Level 2.0(2.2) Short Blades
 + Level 1.5(2.0) Long Blades
 + Level 3.8 Armour
 + Level 0.4 Dodging
 + Level 0.1 Stealth
 + Level 3.1 Shields


You had 3 spell levels left.
You didn't know any spells.
Your spell library was empty.

Dungeon Overview and Level Annotations

Branches:
Dungeon (3/15)              Sewer (1/1)

Shops:
D:2 *


Innate Abilities, Weirdness & Mutations

You have an increased reservoir of magic. (+10% MP)
You shall have no god before yourself.
Your divine heritage dramatically boosts your attributes as you level up.


Message History

a +0 dagger; a kobold corpse
Things that are here:
a +0 dagger; a kobold corpse You enter the shallow water.
Moving in this stuff is going to be slow.
You enter the shallow water.
Moving in this stuff is going to be slow.
A rat and a kobold brigand come into view.
The kobold brigand is wielding a +0 dagger and quivering curare-tipped darts.
The kobold brigand shouts!
You enter the shallow water.
Moving in this stuff is going to be slow.
The kobold brigand throws a curare-tipped dart.
The curare-tipped dart hits you.
You are poisoned.
You have difficulty breathing.
You feel yourself slow down.
You feel very sick.
The kobold brigand throws a curare-tipped dart.
The curare-tipped dart hits you.
You are more poisoned.
You have difficulty breathing.
You feel as though you will be slow longer.
The rat splashes around in the water.
The kobold brigand throws a curare-tipped dart.
The curare-tipped dart completely misses you.
The rat bites you but does no damage.
You feel very mighty all of a sudden.
* * * LOW HITPOINT WARNING * * *
You feel extremely sick. The rat bites you but does no damage.
The rat bites you.
* * * LOW HITPOINT WARNING * * *
The kobold brigand hits you with a +0 dagger.
* * * LOW HITPOINT WARNING * * *
Your unstable footing causes you to fumble your attack.
* * * LOW HITPOINT WARNING * * *
You feel very sick.
The rat twitches its whiskers.
The rat barely misses you.
The kobold brigand hits you with a +0 dagger.
You die...

#########
## ######
#.#.#.#.#
#. .#.#.#
#≈#≈#≈#≈#
#≈ ≈#≈#≈#
#≈#≈#≈#≈#
#≈ ≈#≈#≈#
#≈#≈#†#≈#
#r#K#≈#≈#
#≈≈≈#...#
#≈@≈#≈≈≈#
##†###.##
##≈###)##
#≈# #≈#
#.# #≈#
#≈###.#
#≈###.#
#≈.≈≈≈#
#≈≈≈≈≈#
##..≈##
##..≈##
#..≈#
#≈≈≈#
#.≈.#
#≈≈.#
#≈.≈##
##.≈.#


You could see a kobold brigand and a rat.

Vanquished Creatures
  Jessica (D:2)
  Terence (D:2)
  5 adders
  2 orcs
  4 endoplasms
  2 giant cockroaches
  3 goblins
  7 hobgoblins
  5 jackals
  5 quokkas
  3 ball pythons
  A bat (D:2)
  3 frilled lizards (D:2)
  4 kobolds
  7 rats
53 creatures vanquished.

Vanquished Creatures (others)
  4 toadstools (D:1)
4 creatures vanquished.

Grand Total: 57 creatures vanquished

Notes
Turn   | Place    | Note
-------+----------+-------------------------------------------
     0 | D:1      | crimpus the Demigod Fighter began the quest for the Orb.
     0 | D:1      | Reached XP level 1. HP: 18/18 MP: 3/3
   617 | D:2      | Found Koonun's Assorted Antiques.
   631 | D:2      | Found the +7 Throatcutter {drain, coup de grace}
   672 | D:2      | Noticed Terence
   679 | D:2      | Killed Terence
   680 | D:2      | Reached XP level 2. HP: 20/26 MP: 4/4
   680 | D:2      | Reached XP level 3. HP: 24/31 MP: 5/5
   838 | D:2      | Noticed Jessica
   846 | D:2      | Killed Jessica
  1166 | D:2      | Reached XP level 4. HP: 32/38 MP: 6/6
  1584 | D:3      | Reached skill level 1 in Long Blades
  1693 | D:3      | Found a glowing drain.
  1707 | Sewer    | Entered a sewer
  1817 | Sewer    | Noticed a kobold brigand
  1822 | Sewer    | HP: 1/38 [poisoned by a kobold brigand (curare-tipped
                  | dart)]
  1822 | Sewer    | Slain by a kobold brigand

Illustrated notes

Levels and vault maps discovered:
D:1:      ldierk_walled_garden_2, layout_basic, serial_park_tiny_1,
          minmay_liquid_box, amcnicky_mini_rare_corridor_liquid
D:2:      minmay_chambers_of_twos, layout_rooms, serial_shops, shop,
          serial_glass, glass_columns_b, glass_columns_b, minmay_pentomino_u2,
          uniq_jessica, uniq_terence
D:3:      layout_basic, nicolae_gozag_seed_capital, lemuel_tele_altar,
          gup_sewer_entry_pipe
Sewer:    sewer_co_tree

Skill      XL: |  1  2  3  4 |
---------------+-------------+-----
Short Blades   | 2 |  2.0
Fighting       | 3 |  3.4
Armour         | 3 |  3.8
Shields        | 3 |  3.1
Long Blades    | 1 |  1.5
Dodging        | |  0.4
Stealth        | |  0.1

Action                   |  1- 3 |  4- 6 || total
-------------------------+-------+-------++-------
Melee: Rapier            |    11 |       ||    11
       Dagger            |     8 |       ||     8
       Long sword        |    34 |    58 ||    92
  Use: Scroll            |     1 |       ||     1
       Potion            |       |     1 ||     1
Armor: Scale mail        |     8 |       ||     8
       Chain mail        |    13 |    33 ||    46
Dodge: Dodged            |    33 |    33 ||    66
Block: Buckler           |    10 |    13 ||    23
